 Dungeon Crawl Stone Soup version 0.30-a0-1008-g30c9307041 (webtiles) character file.

Game seed: 4514532713052786860

168793 cforsyth the Nimble (level 17, 0/123 HPs)
             Began as an Octopode Summoner on Apr 5, 2023.
             Was an Initiate of Gozag.
             Slain by a ghost moth (9 damage)
             ... on level 4 of the Spider Nest.
             The game lasted 02:15:03 (53474 turns).

cforsyth the Nimble (Octopode Summoner)            Turns: 53474, Time: 02:15:04

Health: 0/123      AC: 17    Str: 12 (14) XL:     17   Next: 65%
Magic:  0/34       EV: 23    Int: 27 (29) God:    Gozag
Gold:   5418       SH:  0    Dex: 10 (14) Spells: 4/42 levels left

rFire   + . .      SeeInvis .    O - melded +4 mace of Iggivepn {freeze, Int+2}
rCold   . . .      Faith    .    o - melded orb {*channel}
rNeg    . . .      Spirit   .    (helmet currently unavailable)
rPois   ∞          Reflect  .    (no amulet)
rElec   +          Rampage  .    U - ring of willpower
rCorr   .                        B - ring of fire
Will    ++...                    F - ring of protection from cold
Stlth   ++                       h - ring of wizardry
HPRegen 0.40/turn                H - +6 ring of intelligence
MPRegen 0.24/turn                L - ring of wizardry
                                 R - ring of poison resistance
                                 M - +6 ring of strength

@: storm-form, flying, studying Ice Magic
A: cleaving, insubstantial, flying, almost no armour, amphibious, 8 rings,
(camouflage 1), (gelatinous body 1), (nimble swimmer 1), (tentacles)
}: 1/15 runes: gossamer
a: Blinkbolt, End Transformation, Renounce Religion, Potion Petition, Call
Merchant, Bribe Branch


You were on level 4 of the Spider Nest.
You worshipped Gozag.
Gozag was greatly pleased with you.
You were a lightning-filled tempest!
You visited 5 branches of the dungeon, and saw 27 of its levels.
You also visited: Bailey.

You collected 9297 gold pieces.
You spent 930 gold pieces at shops.
You paid 2949 gold pieces to Gozag.

Inventory:

Hand Weapons
 e - the +6 shillelagh "Devastator" {shatter}
   (You found it on level 6 of the Dungeon)
 O - the +4 mace of Iggivepn (melded) {freeze, Int+2}
   (You bought it in a shop on level 1 of the Lair of Beasts)

   Int:       It affects your intelligence (+2).
Missiles
 y - 2 throwing nets
Armour
 o - an orb of energy (melded)
Jewellery
 h - a ring of wizardry (on tentacle)
 p - a ring of ice
 B - a ring of fire (right tentacle)
 F - a ring of protection from cold (on tentacle)
 H - a +6 ring of intelligence (on tentacle)
 L - a ring of wizardry (on tentacle)
 M - a +6 ring of strength (on tentacle)
 Q - an amulet of guardian spirit
 R - a ring of poison resistance (on tentacle)
 U - a ring of willpower (left tentacle)
 V - a ring of fire
Wands
 c - a wand of iceblast (12)
 j - a wand of paralysis (17)
 r - a wand of acid (26)
 E - a wand of digging (7)
 J - a wand of polymorph (5)
 N - a wand of mindburst (18)
 W - a wand of flame (2)
Scrolls
 a - 3 scrolls of identify
 b - 5 scrolls of amnesia
 d - a scroll of silence
 f - 14 scrolls of teleportation
 g - 3 scrolls of immolation
 m - 8 scrolls of magic mapping
 q - 8 scrolls of poison
 u - 2 scrolls of enchant weapon
 v - 7 scrolls of vulnerability
 A - a scroll of torment
 D - 4 scrolls of brand weapon
 G - 2 scrolls of fear
 S - 2 scrolls of fog
 T - a scroll of enchant armour
Potions
 i - 7 potions of mutation
 k - 4 potions of attraction
 l - 5 potions of ambrosia
 n - 3 potions of lignification
 s - 4 potions of invisibility
 t - 8 potions of heal wounds
 w - 3 potions of cancellation
 x - 5 potions of flight
 z - 4 potions of brilliance
 C - 6 potions of might
 I - 7 potions of curing
 K - 2 potions of berserk rage
 P - 3 potions of haste
 X - a potion of magic


   Skills:
 + Level 13.2 Fighting
 + Level 13.4 Dodging
 - Level 2.6 Stealth
 + Level 8.1 Unarmed Combat
 - Level 13.2 Spellcasting
 - Level 5.0 Hexes
 - Level 13.0 Summonings
 - Level 10.5 Transmutations
 - Level 11.6 Air Magic


You had 4 spell levels left.
You knew the following spells:

 Your Spells              Type           Power      Damage    Failure   Level
a - Storm Form            Tmut/Air       33%        N/A       8%          7
b - Call Imp              Summ           73%        N/A       0%          2
c - Call Canine Familiar  Summ           73%        N/A       1%          3
d - Summon Guardian Gole  Hex/Summ       61%        N/A       1%          3
e - Summon Lightning Spi  Summ/Air       71%        N/A       1%          4
f - Summon Forest         Summ/Tloc      26%        N/A       1%          5
g - Summon Cactus Giant   Summ           36%        N/A       1%          6
h - Summon Small Mammal   Summ           100%       N/A       0%          1
i - Summon Hydra          Summ           36%        N/A       3%          7

Your spell library contained the following spells:

 Spells                   Type           Power      Damage    Failure   Level
 Beastly Appendage        Tmut           100%       N/A       1%          1
 Magic Dart               Conj           68%        1d6       1%          1
 Blink                    Tloc           34%        N/A       1%          2
 Lesser Beckoning         Tloc           34%        N/A       1%          2
 Scorch                   Fire           52%        2d7       1%          2
 Searing Ray              Conj           34%        2d5       1%          2
 Static Discharge         Conj/Air       98%        2-7/arc   1%          2
 Sublimation of Blood     Necr           17%        N/A       1%          2
 Wereblood                Tmut           65%        N/A       1%          2
 Dazzling Flash           Conj/Hex       62%        N/A       1%          3
 Mephitic Cloud           Conj/Pois/Air  38%        N/A       1%          3
 Portal Projectile        Hex/Tloc       62%        N/A       1%          3
 Spider Form              Tmut/Pois      46%        N/A       1%          3
 Tukima's Dance           Hex            44%        N/A       1%          3
 Airstrike                Air            34%        2d(5-21)  1%          4
 Ice Form                 Ice/Tmut       46%        N/A       1%          4
 Petrify                  Tmut/Erth      46%        N/A       1%          4
 Summon Ice Beast         Ice/Summ       52%        N/A       1%          4
 Frozen Ramparts          Ice            34%        1d6       2%          3
 Gell's Gravitas          Tloc           17%        N/A       2%          3
 Hailstorm                Conj/Ice       17%        3d6       2%          3
 Teleport Other           Tloc           17%        N/A       2%          3
 Anguish                  Hex/Necr       15%        N/A       3%          4
 Fulminant Prism          Conj/Hex       15%        3d10      3%          4
 Flame Wave               Conj/Fire      26%        2d8       9%          4
 Manifold Assault         Tloc           17%        N/A       9%          4
 Blade Hands              Tmut           32%        N/A       1%          5
 Silence                  Hex/Air        29%        N/A       1%          5
 Metabolic Englaciation   Hex/Ice        15%        N/A       9%          5
 Statue Form              Tmut/Erth      30%        N/A       16%         6
 Agony                    Necr           17%        N/A       22%         5
 Borgnjor's Vile Clutch   Necr/Erth      8%         N/A       22%         5
 Enfeeble                 Hex            22%        N/A       61%         7
 Death Channel            Necr           8%         N/A       71%         6
 Disjunction              Tloc           8%         N/A       100%        8
 Animate Dead             Necr           Unusable   N/A       N/A         4
 Simulacrum               Ice/Necr       Unusable   N/A       N/A         6

Dungeon Overview and Level Annotations

Branches:
Dungeon (15/15)            Temple (1/1) D:4            Lair (5/5) D:10
 Shoals (0/4) Lair:3       Spider (4/4) Lair:2        Slime (0/5) Lair:5
    Orc (2/2) D:9             Elf (0/3) Orc:2        Vaults (0/5) D:14
 Depths (0/4) D:15         Bailey (visited)

Altars:
Ashenzari
Cheibriados
Dithmenos
Elyvilon
Fedhas
Gozag
Hepliaklqana
Kikubaaqudgha
Makhleb
Nemelex Xobeh
Okawaru
Qazlal
Ru
Sif Muna
Trog
Uskayaw
Vehumet
Wu Jian
Xom
Yredelemnul
Zin
The Shining One
Jiyva

Shops:
D:1 ?   D:9 ?   D:13 :   Orc:2 :[*:   Lair:1 **:*

Portals:
Abyss: Orc:1
Trove: D:10 (give +5 demon whip)

Annotations:
Lair:3 exclusion: oklob plant
Lair:5 2 runed translucent doors
Spider:1 Roxanne
Orc:1 2 transporters, ytrimaz's ghost, journeyman FoFi


Innate Abilities, Weirdness & Mutations

You are a lightning-filled tempest!
Your electrical attacks strike out in all directions at once.
You are incredibly evasive.
Your insubstantial body is immune to petrification, constriction, and being set on fire You are flying.
You are immune to poison.
Your armour is entirely melded.
You are incapable of wielding weapons or throwing items.
You cannot wear most types of armour.
You are amphibious.
You can wear up to eight rings at the same time.
((Your skin changes colour to match your surroundings (Stealth+).))
((Your rubbery body absorbs attacks. (AC +1, EV +1)))
((You are camouflaged when in or above water. (Stealth+)))
((You have tentacles for arms and can constrict up to eight enemies at once.))


Message History

Press } to see all the runes you have collected.
You enter the shallow water.
You enter the shallow water.
You enter the shallow water.
X - a potion of magic You enter the shallow water.
You feel you are being watched by something.
You feel your power leaking away.
You feel you are being watched by something.
You feel your power leaking away. Something hits you!
You feel clumsy.
Deactivating autopickup; reactivate with Ctrl-A.
Something hits you!
You feel weakened. Something stings you!
You feel dopey.
You feel you are being watched by something.
You feel your power leaking away. Something hits you!! Something hits you!
You feel dopey. Something stings you! Something hits you! Something hits you.
* * * LOW HITPOINT WARNING * * *
Something stings you!
* * * LOW HITPOINT WARNING * * *
There is a strange disturbance nearby!
Casting: Call Canine Familiar (safe; 1% risk of failure)
Confirm with . or Enter, or press ? or * to list all spells.
You turn into a lightning-filled tempest!
The +4 mace of Iggivepn {freeze, Int+2} melds into your body.
Your orb of energy melds into your body.
The +4 mace of Iggivepn {freeze, Int+2} stops glowing.
You feel you are being watched by something.
You feel your power leaking away. Something hits you!
* * * LOW HITPOINT WARNING * * *
Something closely misses you. Something stings you!
You die...
Your body crumbles into a pile of gold.

### ##### .~##
##~..# ^.(## #####
##...~#
.~.~###~.~###~.~^##
#.~..#...^^#....##
..#..~.....~.^#..#
.###~..~..~.~#^#v#
..###.##.##.###.{#
#..####^.~####^.##
#..##.....^# #^^#
#.####~....# ##.#
#######...#######
#.#^#.~~...~#~#.##
....^~#...#...~.[#
......#...#~...~[#


There were no monsters in sight!

Vanquished Creatures
  2 emperor scorpions (Spider:4)
  3 ghost moths (Spider:4)
  A broodmother (Spider:4)
  A spark wasp (Spider:4)
  A jorogumo (Spider:3)
  2 pharaoh ants
  3 orb spiders
  A steelbarb worm (Spider:3)
  7 wolf spiders
  2 moths of wrath
  4 demonic crawlers
  2 meliai (Spider:3)
  6 tarantellas
  2 jumping spiders
  5 culicivoras
  7 redbacks
  A wolf (Lair:1)
  A scorpion (D:5)
  A nameless horror (Spider:4)
  2 electric eels (Spider:4)
  A hound (D:5)
  3 orc priests
  An adder (D:4)
  2 orcs
  A ball python (D:3)
  A giant cockroach (D:2)
  A hobgoblin (D:1)
  A quokka (D:3)
  2 bats (Orc:2)
67 creatures vanquished.

Vanquished Creatures (collateral kills)
  Bai Suzhen (Spider:3)
  Agnes (Spider:4)
  A fire giant (D:15)
  3 emperor scorpions
  2 ghost moths
  An orc warlord (Orc:2)
  2 broodmothers
  4 spark wasps
  A great orb of eyes (D:14)
  8 hydras
  6 boulder beetles
  5 centaur warriors
  2 dancing weapons (D:14)
  6 two-headed ogres
  A radroach (Spider:3)
  A death knight (D:15)
  Urug (Lair:2)
  4 orc high priests (Orc:2)
  7 death yaks
  A skyshark (Lair:2)
  7 pharaoh ants
  A fire crab (Lair:5)
  3 sun moths
  8 orb spiders
  2 harpies (shapeshifter)
  2 phantasmal warriors (D:15)
  6 steelbarb worms
  4 orc sorcerers
  2 deep elf pyromancers
  An orc knight (Orc:2)
  A cyclops (shapeshifter) (D:13)
  4 cyclopes
  23 wolf spiders
  18 ugly things
  2 manticores
  3 moths of wrath
  Maurice (D:9)
  A guardian serpent (shapeshifter) (D:9)
  6 torpor snails
  3 molten gargoyles (Lair:5)
  6 black mambas
  A gargoyle (D:11)
  14 cane toads
  7 demonic crawlers
  7 komodo dragons (Lair:5)
  An efreet (D:15)
  An unseen horror (D:8)
  A tengu conjurer (D:14)
  A rime drake (D:10)
  A troll (D:12)
  3 polar bears
  A blink frog (shapeshifter) (D:14)
  4 meliai
  24 tarantellas
  A dream sheep (Lair:5)
  4 blink frogs
  11 slime creatures
  19 jumping spiders
  6 wyverns
  11 culicivoras
  32 yaks
  6 wraiths
  3 spriggans (Bailey)
  8 basilisks
  A shadow (D:10)
  A hog (shapeshifter) (D:13)
  A water elemental (D:14)
  4 hogs
  5 steam dragons
  28 redbacks
  4 wargs
  An acid dragon (D:8)
  4 hell hounds (Lair:5)
  12 water moccasins
  22 orc warriors
  2 black bears
  4 ice beasts
  3 boggarts (D:14)
  12 ogres
  12 wolves
  9 centaurs
  A kobold brigand (D:10)
  6 bullfrogs
  2 scorpions
  A hornet simulacrum (D:14)
  5 wights
  A killer bee (D:8)
  3 nameless horrors
  2 electric eels (D:14)
  3 howler monkeys
  5 lava snakes (Lair:5)
  4 hounds
  6 jellies
  A gnoll bouda (D:7)
  33 orc priests
  3 sleepcaps
  6 iguanas
  24 orc wizards
  9 gnolls
  8 adders
  A shadow imp (D:8)
  3 white imps
  3 ufetubi (D:5)
  4 worms
  6 dart slugs
  67 orcs
  8 endoplasms
  2 giant cockroaches
  12 goblins
  14 hobgoblins
  A jackal (D:5)
  7 kobolds
  7 quokkas
  11 ball pythons
  8 bats
  2 frilled lizards (D:1)
  9 rats
  A butterfly (Lair:4)
743 creatures vanquished.

Vanquished Creatures (others)
  Kirke (Lair:5)
  A vault guard (D:10)
  2 two-headed ogres
  2 death yaks (Lair:5)
  An ugly thing (D:8)
  A cyclops (D:8)
  3 cane toads
  A black mamba (Lair:3)
  A hornet (D:9)
  A polar bear (Lair:2)
  2 jumping spiders (Spider:4)
  2 wyverns
  A hog (Lair:5)
  12 yaks
  A basilisk (Lair:3)
  An acid dragon (D:5)
  3 water moccasins
  An orc warrior (D:8)
  An ice beast (D:5)
  2 ogres
  5 wolves
  A bullfrog (D:8)
  A wight (D:9)
  2 killer bees (D:8)
  2 orcs
  4 bushes
  28 fungi
  37 plants
  3 snaplasher vines
123 creatures vanquished.

Grand Total: 933 creatures vanquished

Notes
Turn   | Place    | Note
-------+----------+-------------------------------------------
     0 | D:1      | cforsyth the Octopode Summoner began the quest for the Orb.
     0 | D:1      | Reached XP level 1. HP: 11/11 MP: 3/3
   375 | D:1      | Reached XP level 2. HP: 17/17 MP: 1/5
   383 | D:1      | Learned a level 2 spell: Call Imp
   483 | D:1      | Found Ziafoz's Magic Scroll Boutique.
   535 | D:1      | Found a faded altar of an unknown god.
   801 | D:1      | Reached XP level 3. HP: 21/21 MP: 3/6
  1396 | D:2      | Learned a level 3 spell: Call Canine Familiar
  1780 | D:2      | Reached XP level 4. HP: 27/27 MP: 1/8
  1985 | D:2      | Noticed a nameless horror
  2227 | D:2      | Killed a nameless horror
  2849 | D:2      | You fall into a shaft and drop 1 floor!
  3004 | D:3      | Reached skill level 5 in Summonings
  3457 | D:3      | Found a faded altar of an unknown god.
  3460 | D:3      | Found a white marble altar of Elyvilon.
  3532 | D:3      | Reached XP level 5. HP: 31/31 MP: 1/10
  3979 | D:3      | Learned a level 3 spell: Summon Guardian Golem
  4738 | D:4      | Found a staircase to the Ecumenical Temple.
  4741 | D:4      | Noticed an ogre
  4755 | D:4      | Killed an ogre
  4756 | D:4      | Reached skill level 1 in Hexes
  4756 | D:4      | Reached XP level 6. HP: 36/36 MP: 2/12
  4765 | Temple   | Entered the Ecumenical Temple
  4872 | Temple   | Became a worshipper of Gozag Ym Sagoz the Greedy
  5526 | D:4      | Found a glowing silver altar of Zin.
  6613 | D:5      | Entered Level 5 of the Dungeon
  6751 | D:5      | Found a basalt altar of Yredelemnul.
  6755 | D:5      | Found a sacrificial altar of Ru.
  6756 | D:5      | Found a burning altar of Makhleb.
  6756 | D:5      | Found a bloodstained altar of Trog.
  6777 | D:5      | Reached XP level 7. HP: 30/41 MP: 5/13
  7468 | D:5      | Noticed a yak
  7495 | D:5      | Killed a yak
  7496 | D:5      | Reached skill level 5 in Spellcasting
  7975 | D:5      | Reached XP level 8. HP: 46/46 MP: 12/16
  7982 | D:5      | Learned a level 4 spell: Summon Lightning Spire
  8177 | D:5      | Reached skill level 1 in Air Magic
  8427 | D:5      | Noticed a two-headed ogre
  8447 | D:5      | Killed a two-headed ogre
  8448 | D:5      | Reached skill level 5 in Hexes
  8448 | D:5      | Reached XP level 9. HP: 51/51 MP: 3/18
  9141 | D:5      | Found a shadowy altar of Dithmenos.
  9316 | D:5      | Identified the +3 leather armour "Zimnosa" {Dex+2}
  9716 | D:6      | Found the +6 shillelagh "Devastator" {shatter}
 10552 | D:6      | Reached skill level 5 in Air Magic
 11466 | D:7      | Reached XP level 10. HP: 50/56 MP: 18/21
 11747 | D:7      | Found a glowing golden altar of the Shining One.
 12243 | D:8      | Identified the +1 helmet "Voker" {Regen+}
 12448 | D:8      | Found a radiant altar of Vehumet.
 12696 | D:8      | Noticed a purple ugly thing
 12734 | D:8      | Reached skill level 10 in Summonings
 12741 | D:8      | Noticed a cyclops
 12765 | D:8      | Killed a purple ugly thing
 13088 | D:8      | Killed an unseen horror
 14018 | D:8      | Killed a cyclops
 14099 | D:9      | Found Mius's Magic Scroll Boutique.
 14146 | D:9      | Found a flagged portal.
 14169 | D:9      | a queen bee changed into a guardian serpent
 14169 | D:9      | Noticed a guardian serpent (shapeshifter)
 14176 | D:9      | Killed a guardian serpent
 14312 | Bailey   | Entered a bailey
 14394 | Bailey   | Reached XP level 11. HP: 61/61 MP: 16/24
 14484 | Bailey   | Noticed a two-headed ogre
 14490 | Bailey   | Killed a two-headed ogre
 14491 | Bailey   | Reached skill level 10 in Spellcasting
 15193 | D:9      | Found a shimmering blue altar of Sif Muna.
 15203 | D:9      | Found a staircase to the Orcish Mines.
 15290 | D:9      | Noticed Maurice
 15313 | D:9      | Killed Maurice
 15811 | D:10     | Entered Level 10 of the Dungeon
 16293 | D:10     | Noticed a two-headed ogre
 16302 | D:10     | Killed a two-headed ogre
 16463 | D:10     | Noticed a two-headed ogre
 16473 | D:10     | Killed a two-headed ogre
 16591 | D:10     | Found a staircase to the Lair.
 16759 | D:10     | Found a hazy altar of Hepliaklqana.
 16760 | D:10     | Found a shimmering altar of Xom.
 16958 | D:10     | Noticed a vault guard
 16980 | D:10     | Killed a vault guard
 16981 | D:10     | Reached XP level 12. HP: 66/66 MP: 17/27
 17047 | D:10     | Found a portal to a secret trove of treasure.
 17103 | Lair:1   | Entered Level 1 of the Lair of Beasts
 17127 | Lair:1   | Bought a scroll labelled GOCSEQ WILL for 40 gold pieces
 17127 | Lair:1   | Bought an ancient mace for 320 gold pieces
 17127 | Lair:1   | Identified the +4 mace of Iggivepn {freeze, Int+2} (You
                  | bought it in a shop on level 1 of the Lair of Beasts)
 17338 | Lair:1   | Learned a level 7 spell: Summon Hydra
 17470 | Lair:1   | Noticed an eight-headed hydra
 17475 | Lair:1   | Killed an eight-headed hydra
 17476 | Lair:1   | Reached skill level 1 in Fighting
 18416 | Lair:2   | Noticed a skyshark
 18422 | Lair:2   | Killed a skyshark
 18570 | Lair:2   | Reached skill level 5 in Dodging
 18901 | Lair:2   | You fall into a shaft and drop 1 floor!
 18913 | Lair:3   | Reached skill level 5 in Fighting
 19755 | Lair:3   | Found a staircase to the Shoals.
 20577 | Lair:2   | Found a hole to the Spider Nest.
 20971 | Lair:2   | Noticed Urug
 20988 | Lair:2   | Killed Urug
 21818 | Lair:2   | Reached XP level 13. HP: 73/86 MP: 18/28
 22170 | Lair:2   | Learned a level 6 spell: Summon Cactus Giant
 22518 | Lair:4   | Reached skill level 1 in Transmutations
 24161 | Lair:5   | Entered Level 5 of the Lair of Beasts
 24511 | Lair:4   | Learned a level 7 spell: Storm Form
 24795 | Lair:5   | Noticed Kirke
 25748 | Lair:5   | Killed Kirke
 26216 | Lair:5   | Reached skill level 5 in Transmutations
 26306 | Lair:5   | Reached XP level 14. HP: 94/97 MP: 13/29
 26322 | Lair:5   | Identified the +6 rapier "Liresk" {antimagic, +Blink Fly
                  | Str-4 SInv}
 27151 | Lair:5   | Found a staircase to the Slime Pits.
 27157 | Lair:5   | Found a viscous altar of Jiyva.
 27956 | Lair:5   | Reached skill level 10 in Dodging
 27964 | Lair:5   | Found a large runed translucent door.
 28715 | Lair:5   | Found a large runed translucent door.
 30579 | D:11     | Reached skill level 10 in Fighting
 31539 | Orc:1    | Entered Level 1 of the Orcish Mines
 31830 | Orc:1    | Found a one-way gate to the infinite horrors of the Abyss.
 31830 | Orc:1    | Noticed ytrimaz's ghost (journeyman FoFi)
 31956 | Orc:1    | Paralysed by an orc sorcerer for 4 turns
 32012 | Orc:1    | Noticed a profane servitor
 32337 | Orc:1    | Found a transporter.
 32567 | Orc:1    | Found a transporter.
 32594 | Orc:2    | Entered Level 2 of the Orcish Mines
 33033 | Orc:2    | Noticed an orc warlord
 33682 | Orc:2    | Killed an orc warlord
 34079 | Orc:2    | Found a staircase to the Elven Halls.
 34296 | Orc:2    | Reached XP level 15. HP: 76/105 MP: 20/30
 34449 | Orc:2    | Found Guati's Book Boutique.
 34449 | Orc:2    | Found Hiuxkyud's Antique Armour Boutique.
 34450 | Orc:2    | Found Laschy's Book Shop.
 34454 | Orc:2    | Found Vaxiy's General Store.
 35063 | D:13     | Found Wiacrorr's Self-Improvement Boutique.
 36670 | Orc:2    | Bought the Exposition on Shifting for 570 gold pieces
 36680 | Orc:2    | Learned a level 5 spell: Summon Forest
 37390 | D:14     | Reached skill level 10 in Air Magic
 37393 | D:14     | Identified the +3 flail "Death Rattle" {elec, *Rage Str+6}
 37947 | D:14     | Found a gate to the Vaults.
 38380 | D:14     | Found an ancient bone altar of Kikubaaqudgha.
 38793 | D:15     | Entered Level 15 of the Dungeon
 38914 | D:15     | Found a staircase to the Depths.
 38914 | D:15     | Noticed a fire giant
 39518 | D:15     | Killed a fire giant
 39686 | D:15     | Found a blossoming altar of Fedhas.
 41027 | Spider:1 | Entered Level 1 of the Spider Nest
 41299 | Spider:1 | Reached skill level 10 in Transmutations
 41788 | Spider:1 | Reached XP level 16. HP: 111/111 MP: 19/32
 42039 | Spider:1 | Identified Roxanne's Atlas of the Mantle
 42039 | Spider:1 | Noticed Roxanne
 43116 | Spider:2 | Reached skill level 1 in Unarmed Combat
 46784 | Spider:3 | Reached skill level 5 in Unarmed Combat
 47552 | Spider:3 | Noticed Bai Suzhen
 47839 | Spider:3 | Reached XP level 17. HP: 119/119 MP: 12/34
 47918 | Spider:3 | Killed Bai Suzhen
 48693 | Spider:4 | Entered Level 4 of the Spider Nest
 50338 | Spider:4 | Noticed Agnes
 50351 | Spider:4 | Killed Agnes
 50954 | Spider:4 | Upgraded the game from 0.30-a0-996-ga6910c8ee8 to
                  | 0.30-a0-1008-g30c9307041
 53441 | Spider:4 | Got a gossamer rune of Zot
 53474 | Spider:4 | Slain by a ghost moth

Illustrated notes

Levels and vault maps discovered:
D:1:      dpeg_arrival_central, layout_basic, basic_ecumenical_altar,
          serial_shops, shop, roderic_lattice_a, minmay_misc_feat_rows,
          minivault_4
D:2:      minmay_chambers_of_twos, layout_rooms, minmay_misc_feat_five
D:3:      layout_basic, nicolae_overflow_ecumenical_swirl,
          minmay_randomly_rotated_circles
D:4:      layout_layer_cave, mainiacjoe_overflow_small_starburst,
          minmay_temple_entry_large_hall, corexii_corridor_pit
D:5:      minmay_angry_zag, layout_loops_ring, grunt_dithmenos_smoke,
          grunt_temple_overflow_open, minmay_divided_ellipse
D:6:      layout_loops_corners, dilly_guarded_unrand_devastator
D:7:      layout_basic, mainiacjoe_overflow_tiny_flanked
D:8:      layout_basic, mainiacjoe_overflow_alcove_4, serial_aquarium,
          aquarium_bridge_square [aquarium_subvault_wall,
          aquarium_subvault_bridge, aquarium_subvault_bridge,
          aquarium_subvault_wall], aquarium_window_1,
          aquarium_window_corridor_3, aquarium_window_fake, aquarium_view_2b,
          minmay_manual_monstrance
D:9:      layout_loops_ring, lemuel_tele_altar, serial_shops, shop,
          enter_bailey_5, uniq_maurice
D:10:     layout_roguey, regret_index_temple_of_mockery,
          hellmonk_lair_entry_icy, enter_trove_5
D:11:     layout_roguey
D:12:     layout_loops_cross, kennysheep_donut
D:13:     layout_long_grid, nicolae_shop_self_help
D:14:     layout_basic, erik_vaults_1, nicolae_kikubaaqudgha_miasma_corner
D:15:     grunt_enter_depths_giant_problem, layout_loops_cross,
          fedhas_altar_fruit_tree
Temple:   eino_temple_lava
Lair:1:   layout_chaotic_city, grunt_megastairs_2, lemuel_fruit_fields
Lair:2:   layout_loops_ring, spider_nest_entry_funnel_web, uniq_urug
Lair:3:   layout_cellular_growth, shoals_dummy_entry
Lair:4:   layout_regular_city, lemuel_fruit_fields
Lair:5:   cheibrodos_lair_end_hotspot, layout_layer_cave,
          nicolae_slime_entry_field_trip, grunt_forest_large_clearing_hut,
          uniq_kirke
Spider:1: nicolae_spider_hilbert_zone_5 [nicolae_spider_hilbert_3_sides_1_open,
          nicolae_spider_hilbert_4_sides_1_open,
          nicolae_spider_hilbert_4_sides_1_open,
          nicolae_spider_hilbert_6_sides_1_open,
          nicolae_spider_hilbert_6_sides_1_open], uniq_roxanne
Spider:2: layout_spider_delve, nicolae_spider_nook
Spider:3: layout_cave_pods, uniq_bai_suzhen
Spider:4: guppyfry_spider_rune, uniq_agnes
Orc:1:    layout_caves, gammafunk_ghost_abyssal_escape
Orc:2:    st_orc_mages, layout_diamond_mine, basic_altar, mines_bat_river

Skill      XL: |  1  2  3  4  5  6  7  8  9 10 11 12 13 14 15 16 17 |
---------------+----------------------------------------------------+-----
Spellcasting   | 3 4 5 6 7 9 11 12 13 | 13.2
Summonings     | 5 6 7 9 11 13 | 13.0
Hexes          | 1 2 3 5 |  5.0
Air Magic      | 3 5 7 9 11 | 11.6
Fighting       | 7 9 10 12 13 | 13.2
Dodging        | 7 9 10 12 13 | 13.4
Transmutations | 5 7 10 | 10.5
Unarmed Combat | 5 8 |  8.1
Stealth        | |  2.6

Action                     |  1- 3 |  4- 6 |  7- 9 | 10-12 | 13-15 | 16-18 || total
---------------------------+-------+-------+-------+-------+-------+-------++-------
  Melee: Unarmed           |     6 |    10 |    12 |       |     1 |   162 ||   191
         Tentacles         |     1 |     1 |     1 |     1 |     5 |     6 ||    15
         Constrict         |     2 |     4 |     1 |     1 |     2 |     3 ||    13
         Punch             |       |     1 |       |       |       |    11 ||    12
         Shillelagh        |       |       |       |     1 |       |       ||     1
         Mace              |       |       |       |     4 |    14 |     7 ||    25
   Cast: Summon Small Mamm |    41 |    39 |    31 |    22 |     2 |     1 ||   136
         Call Imp          |    12 |    24 |    19 |    14 |     3 |       ||    72
         Call Canine Famil |     7 |    38 |    42 |    73 |    47 |     9 ||   216
         Summon Guardian G |       |     1 |    17 |    65 |    34 |       ||   117
         Summon Lightning  |       |       |     9 |    64 |    88 |       ||   161
         Summon Hydra      |       |       |       |     1 |    68 |    73 ||   142
         Summon Cactus Gia |       |       |       |       |   143 |    92 ||   235
         Summon Forest     |       |       |       |       |     3 |     5 ||     8
         Storm Form        |       |       |       |       |     1 |    48 ||    49
 Invoke: Call Merchant     |       |       |       |     2 |     2 |       ||     4
Ability: Blinkbolt         |       |       |       |       |       |     3 ||     3
  Evoke: Wand              |       |       |     2 |       |     8 |       ||    10
    Use: Potion            |       |       |     4 |     3 |     2 |       ||     9
         Scroll            |       |       |    14 |    11 |     8 |     3 ||    36
   Stab: Sleeping          |       |       |       |       |       |     1 ||     1
         Distracted        |       |       |       |       |       |     2 ||     2
 Armour: Skin              |     1 |    12 |    12 |     3 |     4 |   114 ||   146
  Dodge: Dodged            |    12 |    46 |    25 |    40 |   123 |   321 ||   567

Table legend: (Time is in decaauts)
 A = Elapsed time spent in this place.
 B = Non-inter-level travel time spent in this place.
 C = Inter-level travel time spent in this place.
 D = Time resting spent in this place.
 E = Time spent auto-exploring this place.
 F = Levels seen in this place.
 G = Mean time per level.
                   A        B        C        D        E       F      G
               +--------+--------+--------+--------+--------+-----+--------+
         Total |  53540 |  51593 |   1947 |  12037 |  30511 |  28 | 1912.1 |
       Dungeon |  24819 |  23790 |   1029 |   3546 |  15906 |  15 | 1654.6 |
        Temple |    116 |    107 |      9 |      0 |     91 |   1 |  116.0 |
          Lair |  12190 |  11710 |    480 |   3405 |   6269 |   5 | 2438.0 |
   Spider Nest |  12453 |  12270 |    183 |   4602 |   5809 |   4 | 3113.2 |
  Orcish Mines |   3593 |   3348 |    245 |    400 |   2260 |   2 | 1796.5 |
        Bailey |    366 |    366 |      0 |     84 |    176 |   1 |  366.0 |
               +--------+--------+--------+--------+--------+-----+--------+

Top non-repeatable levels by time:
Spider:3: 3689 daAuts
Spider:4: 3576 daAuts
  Lair:5: 3421 daAuts
Spider:2: 3273 daAuts
  Lair:4: 3230 daAuts
     D:4: 2465 daAuts
   Orc:2: 2275 daAuts
  Lair:2: 2193 daAuts
     D:5: 2065 daAuts
    D:15: 1981 daAuts
    D:14: 1941 daAuts
Spider:1: 1913 daAuts
     D:1: 1755 daAuts
    D:13: 1737 daAuts
  Lair:1: 1677 daAuts
